 Dungeon Crawl Stone Soup version 0.28-a0-1429-gf3d713df7a (webtiles) character file.

Game seed: 15995053311261515009

14465 HallandMoats the Fighter (level 12, -12/108 HPs)
             Began as a Ghoul Fighter on Jan 9, 2022.
             Was a High Priest of Okawaru.
             Mangled by an ogre (24 damage)
             ... on level 12 of the Dungeon.
             The game lasted 00:26:42 (15209 turns).

HallandMoats the Fighter (Ghoul Fighter)           Turns: 15209, Time: 00:26:43

Health: -12/108    AC: 20    Str: 21    XL:     12   Next: 16%
Magic:  16/17      EV: 14    Int:  5    God:    Okawaru [*****.]
Gold:   471        SH:  6    Dex: 10    Spells: 11/11 levels left

rFire   . . .      SeeInvis .   a - +0 war axe (flame)
rCold   + . .      Faith    .   c - +0 buckler
rNeg    + + +      Spirit   .   n - +0 plate armour
rPois   ∞          Reflect  .   m - +2 hat
rElec   .          Harm     .   (no cloak)
rCorr   .          Rampage  +   (no gloves)
Will    .....                   H - +1 pair of boots {rampage}
Stlth   ..........              (no amulet)
HPRegen 0.00/turn               g - +4 ring of slaying
MPRegen 0.15/turn               l - +4 ring of evasion

@: heroic, inhibited regen
A: claws 1, cold resistance 1, negative energy resistance 3, inhibited
regeneration, torment resistance 2
a: Renounce Religion, Heroism, Finesse, Duel


You were on level 12 of the Dungeon.
You worshipped Okawaru.
Okawaru was extremely pleased with you.
You visited 2 branches of the dungeon, and saw 13 of its levels.

You collected 471 gold pieces.

Inventory:

Hand Weapons
 a - a +0 war axe of flaming (weapon)
 b - a +2 dagger of venom
 L - a +0 broad axe
Missiles
 B - 4 throwing nets (quivered)
Armour
 c - a +0 buckler (worn)
 m - a +2 hat (worn)
 n - a +0 plate armour (worn)
 s - a +3 leather armour of fire resistance
 H - a +1 pair of boots of rampaging (worn)
 I - a +0 kite shield
Jewellery
 g - a +4 ring of slaying (left claw)
 j - a ring of magical power
 l - a +4 ring of evasion (right claw)
 q - a +6 ring of intelligence
 w - an amulet of magic regeneration
Wands
 d - a wand of digging (5)
 e - a wand of polymorph (7)
 f - a wand of flame (1)
 o - a wand of acid (9)
 y - a wand of paralysis (8)
 C - a wand of mindburst (8)
 F - a wand of iceblast (3)
Scrolls
 h - a scroll of blinking
 k - 3 scrolls of enchant armour
 t - 2 scrolls of teleportation
 v - 3 scrolls of identify
 x - a scroll of amnesia
 A - 2 scrolls of magic mapping
 D - a scroll of enchant weapon {unknown}
 J - a scroll of fog
Potions
 i - a potion of heal wounds
 p - a potion of curing
 r - 2 potions of resistance
 u - a potion of flight
 z - a potion of ambrosia {unknown}
 E - 3 potions of brilliance {unknown}
 G - 2 potions of degeneration {unknown}
 K - 2 potions of magic {unknown}
 M - a potion of haste {unknown}


   Skills:
 + Level 10.8(15.8) Fighting
 + Level 7.5(12.5) Axes
 + Level 7.9(12.9) Armour
 + Level 7.2(12.2) Dodging
 + Level 6.0(11.0) Shields
 * Level 8.8 Invocations


You had 11 spell levels left.
You didn't know any spells.
Your spell library contained the following spells:

 Spells                   Type           Power      Damage    Failure   Level
 Frozen Ramparts          Ice            0%         1d2       100%        3
 Gell's Gravitas          Tloc           0%         N/A       100%        3
 Lesser Beckoning         Tloc           0%         N/A       100%        3
 Stone Arrow              Conj/Erth      0%         3d7       100%        3
 Teleport Other           Tloc           0%         N/A       100%        3
 Hailstorm                Conj/Ice       0%         3d3       100%        4
 Dispersal                Tloc           0%         N/A       100%        6
 Lehudib's Crystal Spear  Conj/Erth      0%         10d2      100%        8
 Animate Armour           Summ/Erth      Unusable   N/A       N/A         4
 Ice Form                 Ice/Tmut       Unusable   N/A       N/A         4
 Summon Ice Beast         Ice/Summ       Unusable   N/A       N/A         4
 Simulacrum               Ice/Necr       Unusable   N/A       N/A         6

Dungeon Overview and Level Annotations

Branches:
Dungeon (12/15)            Temple (1/1) D:7            Lair (0/6) D:9
    Orc: D:9-12

Altars:
Ashenzari
Cheibriados
Dithmenos
Elyvilon
Fedhas
Gozag
Hepliaklqana
Kikubaaqudgha
Makhleb
Nemelex Xobeh
Okawaru
Qazlal
Ru
Sif Muna
Trog
Uskayaw
Vehumet
Wu Jian
Xom
Yredelemnul
Zin
The Shining One

Annotations:
D:12 Nessos


Innate Abilities, Weirdness & Mutations

You thrive by killing the living.
You are immune to poison.
You have sharp fingernails.
Your flesh is cold resistant. (rC+)
You are immune to negative energy. (rN+++)
You do not regenerate when monsters are visible.
You are immune to unholy pain and torment.


Message History

The ogre closely misses you.
Things that are here:
a +0 long sword; a +0 chain mail You slash the ogre!
You burn the ogre.
The ogre is heavily wounded.
Nessos says, "Even if you were a mare, I'd kill you!"
The ogre closely misses you.
You slash the ogre! You burn the ogre.
You kill the ogre!
Okawaru accepts your kill.
You feel better.
Nessos wields a +3 longbow of flaming.
It bursts into flame!
Nessos shoots an arrow.
The arrow hits you! The arrow burns you.
You hear a shout!
You gain the combat prowess of a mighty hero.
Nessos shoots an arrow.
The arrow hits you!
* * * LOW HITPOINT WARNING * * *
The arrow burns you.
* * * LOW HITPOINT WARNING * * *
Nessos mumbles some strange words.
Nessos blinks!
You feel much better.
Nessos mumbles some strange words.
Nessos blinks!
Nessos shoots an arrow.
The arrow hits you but does no damage.
Nessos shoots an arrow.
The arrow closely misses you.
An ogre comes into view. It is wielding a +0 giant spiked club.
Things that are here:
a +0 hand axe; a +0 plate armour
Items here: $ (( )))))) ?? [[ ††††††.
You hit the ogre but do no damage.
The ogre hits you with a +0 giant spiked club!!
* * * LOW HITPOINT WARNING * * *
You hit the ogre. You burn the ogre.
The ogre is lightly wounded.
Aiming: Duel (24% risk of failure)
Press: ? - help, Dir - move target, f - Nessos
Aim: Nessos, wielding a +3 longbow of flaming, wearing a +0 barding and quivering arrows You fail to use your ability.
The ogre hits you with a +0 giant spiked club!!
You die...

#..............#####....
#..........###.# #.....
##.>.......|.##.#####....
#..................##.#.#
#...†....................
###.c#...................
##..##.............###..
#....##..............#.. ###
#..))##@............##..
##..##)..).##O)...........#..
#....##.##.#.c##.............
#..........)#)##..........[..
#...........#................
##..........#................
##................##......###
#:<...............##......# #
#.................####....#


You could see Nessos and an ogre.

Vanquished Creatures
  A boulder beetle (D:12)
  A centaur warrior (D:10)
  A death yak (D:9)
  A two-headed ogre (D:10)
  A deep elf zephyrmancer (D:9)
  Pikel (D:8)
  3 cyclopes
  An ugly thing (D:12)
  An elephant (D:9)
  A gargoyle (D:12)
  Maggie (D:8)
  3 trolls
  2 hornets (D:8)
  A meliai zombie (D:11)
  3 shadows (D:12)
  Sigmund (D:4)
  A wraith (D:11)
  A yak (shapeshifter) (D:9)
  5 yaks (D:10)
  Grum (D:8)
  Eustachio (D:3)
  A wyvern (D:10)
  A basilisk (D:9)
  A steam dragon (D:8)
  4 vampire mosquitoes (D:12)
  A warg (D:12)
  Duvessa (D:4)
  A water moccasin (D:6)
  12 orc warriors
  An ice beast (D:6)
  2 black bears
  4 ogres
  2 wolves (D:8)
  2 centaurs
  3 lemures (D:8)
  A bullfrog (D:7)
  3 kobold brigands
  A gnoll sergeant (D:8)
  A water moccasin zombie (D:6)
  2 wyvern skeletons
  4 wights (D:9)
  A howler monkey (D:5)
  4 centaur zombies
  A bullfrog zombie (D:5)
  3 hounds
  A jelly (D:6)
  14 orc priests
  2 gnoll shamans
  An iguana (D:6)
  10 orc wizards
  A killer bee zombie (D:9)
  A howler monkey zombie (D:11)
  16 gnolls
  A howler monkey skeleton (D:6)
  6 adders
  2 shadow imps
  2 white imps
  A worm (D:2)
  5 dart slugs
  46 orcs
  9 ball pythons
  5 bats
  10 endoplasms
  4 giant cockroaches
  8 goblins
  9 hobgoblins
  7 jackals
  4 quokkas
  4 frilled lizards
  16 kobolds
  9 rats
283 creatures vanquished.

Vanquished Creatures (others)
  A steam dragon (D:8)
  4 withered plants (D:11)
5 creatures vanquished.

Grand Total: 288 creatures vanquished

Notes
Turn   | Place    | Note
-------+----------+-------------------------------------------
     0 | D:1      | HallandMoats the Ghoul Fighter began the quest for the Orb.
     0 | D:1      | Reached XP level 1. HP: 19/19 MP: 0/0
   111 | D:1      | Reached XP level 2. HP: 26/26 MP: 1/1
   489 | D:1      | Reached XP level 3. HP: 31/31 MP: 2/2
  1234 | D:2      | Reached skill level 1 in Dodging
  1234 | D:2      | Reached XP level 4. HP: 40/40 MP: 3/3
  2055 | D:3      | Found a faded altar of an unknown god.
  2527 | D:3      | Reached XP level 5. HP: 45/46 MP: 4/4
  2717 | D:4      | Reached skill level 4 in Fighting
  2977 | D:4      | Noticed Eustachio
  2977 | D:4      | Noticed Sigmund
  3051 | D:4      | Noticed Duvessa
  3051 | D:4      | Noticed Dowan
  3163 | D:4      | Noticed Dowan
  3163 | D:4      | Dowan changed into Dowan the endoplasm
  3167 | D:4      | Killed Dowan the endoplasm
  3167 | D:4      | Killed Duvessa
  3168 | D:4      | Reached XP level 6. HP: 33/52 MP: 5/5
  3374 | D:4      | Killed Sigmund
  3375 | D:4      | Reached skill level 5 in Fighting
  3375 | D:4      | Reached XP level 7. HP: 44/61 MP: 6/6
  3587 | D:3      | Killed Eustachio
  4070 | D:5      | Entered Level 5 of the Dungeon
  4129 | D:5      | Identified the +1 ring mail "Metzouna" {Str+2}
  4398 | D:5      | Noticed a troll
  4405 | D:5      | Reached skill level 6 in Fighting
  4413 | D:5      | Reached XP level 8. HP: 55/70 MP: 7/7
  4529 | D:5      | Killed a troll
  5550 | D:5      | Identified the +3 scale mail "Miucsuc" {rN+ Str+3 Dex-5}
  5804 | D:6      | Reached skill level 7 in Fighting
  5940 | D:6      | Reached skill level 5 in Armour
  6078 | D:6      | Reached XP level 9. HP: 80/80 MP: 8/8
  6315 | D:6      | Reached skill level 8 in Fighting
  6805 | D:7      | Reached skill level 5 in Axes
  7276 | D:7      | Identified the +1 ring mail "Wuiny" {Harm rF+ Int-2}
  7838 | D:7      | Found a staircase to the Ecumenical Temple.
  7849 | Temple   | Entered the Ecumenical Temple
  8145 | Temple   | Became a worshipper of Warmaster Okawaru
  8244 | D:8      | Noticed a hornet
  8247 | D:8      | Noticed a hornet
  8254 | D:8      | Killed a hornet
  8255 | D:8      | Reached skill level 9 in Fighting
  8255 | D:8      | Reached skill level 5 in Dodging
  8255 | D:8      | Reached skill level 1 in Invocations
  8260 | D:8      | Killed a hornet
  8974 | D:8      | Reached XP level 10. HP: 34/91 MP: 11/11
  9245 | D:8      | Reached * piety under Okawaru
  9255 | D:8      | Noticed Maggie
  9273 | D:8      | Killed Maggie
  9492 | D:8      | Noticed Pikel
  9494 | D:8      | Noticed Grum
  9505 | D:8      | Killed Pikel
  9519 | D:8      | Killed Grum
  9519 | D:8      | Reached ** piety under Okawaru
 10602 | D:9      | Noticed a guardian serpent
 10602 | D:9      | a tarantella changed into a guardian serpent
 10609 | D:9      | Noticed a cane toad
 10609 | D:9      | a guardian serpent changed into a cane toad
 10610 | D:9      | a cane toad changed into a yak
 10783 | D:9      | Reached skill level 5 in Invocations
 10902 | D:9      | Noticed a deep elf zephyrmancer
 10907 | D:9      | Killed a deep elf zephyrmancer
 10981 | D:9      | Noticed an elephant
 10982 | D:9      | Found a staircase to the Lair.
 10982 | D:9      | Noticed a death yak
 11007 | D:9      | Killed a death yak
 11017 | D:9      | Killed an elephant
 11018 | D:9      | Reached skill level 10 in Fighting
 11018 | D:9      | Reached XP level 11. HP: 52/99 MP: 14/14
 11680 | D:10     | Entered Level 10 of the Dungeon
 11821 | D:10     | Noticed a centaur warrior
 11832 | D:10     | Killed a centaur warrior
 11832 | D:10     | Reached *** piety under Okawaru
 11833 | D:10     | Reached skill level 5 in Shields
 12557 | D:10     | Noticed a two-headed ogre
 12565 | D:10     | Killed a two-headed ogre
 13206 | D:11     | Noticed a cyclops
 13230 | D:11     | Killed a cyclops
 13230 | D:11     | Reached **** piety under Okawaru
 13424 | D:11     | Found an ancient bone altar of Kikubaaqudgha.
 14691 | D:12     | Reached ***** piety under Okawaru
 14713 | D:12     | Noticed a cyclops
 14719 | D:12     | Killed a cyclops
 14892 | D:12     | Noticed a purple ugly thing
 14902 | D:12     | Killed a purple ugly thing
 15104 | D:12     | Noticed a cyclops
 15105 | D:12     | Noticed a boulder beetle
 15140 | D:12     | Reached XP level 12. HP: 35/108 MP: 14/17
 15183 | D:12     | Killed a boulder beetle
 15194 | D:12     | Noticed Nessos
 15209 | D:12     | Mangled by an ogre

Illustrated notes

Levels and vault maps discovered:
D:1:      doesnt_arrival_eight_statues, layout_loops_ring
D:2:      layout_rooms, minmay_domino_2
D:3:      layout_basic, chequers_ecumenical_altar_simple, grunt_ministairs_8,
          kennysheep_generic_room_15
D:4:      layout_rooms, uniq_duvessa, uniq_eustachio, uniq_sigmund
D:5:      minmay_chambers_of_fours, layout_basic, nicolae_zen_rock_garden,
          nicolae_figureground_sparkle
D:6:      layout_basic
D:7:      layout_basic, minmay_temple_entry_drinking_statues, st_stairs_2
D:8:      layout_layer_cave, lemuel_flamethrower_2, uniq_maggie, uniq_pikel,
          uniq_grum
D:9:      layout_roguey, david_lair_generic, guppyfry_early_elven_hall
D:10:     layout_roguey, overflow_temple_1_default
D:11:     layout_basic, kiku_gazebo_garden_becter
D:12:     layout_cave_pools, erik_orc_3, special_room [special_room_orc],
          uniq_nessos, uniq_azrael
Temple:   regret_index_temple_sigil_plot

Skill      XL: |  1  2  3  4  5  6  7  8  9 10 11 12 |
---------------+-------------------------------------+-----
Axes           | 2 3 4 5 6 7 |  7.5
Shields        | 3 4 5 6 |  6.0
Armour         | 3 4 5 6 7 |  7.9
Dodging        | 1 2 3 4 5 6 7 |  7.2
Fighting       | 4 5 6 7 9 10 | 10.8
Invocations    | 2 6 8 |  8.8

Action                   |  1- 3 |  4- 6 |  7- 9 | 10-12 || total
-------------------------+-------+-------+-------+-------++-------
Melee: War axe           |   118 |    50 |       |   378 ||   546
       Dagger            |       |    65 |   401 |    25 ||   491
Invok: Heroism           |       |       |       |    10 ||    10
Evoke: Wand              |       |       |     2 |       ||     2
  Use: Scroll            |       |     8 |     2 |     8 ||    18
       Potion            |       |     2 |       |     3 ||     5
 Stab: Invisible         |       |     1 |       |       ||     1
Armor: Scale mail        |    48 |     7 |       |       ||    55
       Plate armour      |       |    13 |   168 |   201 ||   382
       Leather armour    |       |     6 |    26 |       ||    32
       Ring mail         |       |       |     8 |       ||     8
Dodge: Dodged            |    71 |    79 |   262 |   244 ||   656
Block: Buckler           |    32 |    22 |    91 |   107 ||   252

Table legend: (Time is in decaauts)
 A = Elapsed time spent in this place.
 B = Non-inter-level travel time spent in this place.
 C = Inter-level travel time spent in this place.
 D = Time resting spent in this place.
 E = Time spent auto-exploring this place.
 F = Levels seen in this place.
 G = Mean time per level.
                   A        B        C        D        E       F      G
               +--------+--------+--------+--------+--------+-----+--------+
         Total |  15354 |  14786 |    568 |   1176 |  10965 |  13 | 1181.1 |
       Dungeon |  15034 |  14512 |    522 |   1176 |  10712 |  12 | 1252.8 |
        Temple |    319 |    273 |     46 |      0 |    253 |   1 |  319.0 |
               +--------+--------+--------+--------+--------+-----+--------+

Top non-repeatable levels by time:
     D:8: 2390 daAuts
     D:5: 1647 daAuts
     D:3: 1571 daAuts
    D:10: 1387 daAuts
    D:11: 1377 daAuts
     D:9: 1108 daAuts
     D:7: 1102 daAuts
     D:6: 1076 daAuts
     D:1: 994 daAuts
     D:4: 896 daAuts
    D:12: 791 daAuts
     D:2: 691 daAuts
  Temple: 319 daAuts
